 Dungeon Crawl Stone Soup version 0.22-a0-362-g535178c (webtiles) character file.

53 RoseArtemis the Chopper (level 4, -1/35 HPs)
             Began as a Human Berserker on Apr 19, 2018.
             Was a Follower of Trog.
             Killed from afar by Sigmund (10 damage)
             ... with a puff of flame
             ... on level 2 of the Dungeon.
             The game lasted 00:02:40 (1335 turns).

RoseArtemis the Chopper (Human Berserker)           Turns: 1335, Time: 00:02:40

Health: -1/35      AC:  6    Str: 19    XL:     4   Next: 11%
Magic:  4/4        EV: 10    Int:  7    God:    Trog [*.....]
Gold:   14         SH:  0    Dex: 12    Spells: 3/3 levels left

rFire    . . .     SeeInvis .   a - +0 hand axe
rCold    . . .     Gourm    .   (no shield)
rNeg     . . .     Faith    .   g - +0 scale mail
rPois    .         Spirit   .   (no helmet)
rElec    .         Reflect  .   (no cloak)
rCorr    .         Harm     .   (no gloves)
MR       .....                  (no boots)
Stlth    ..........             (no amulet)
HPRegen  0.11/turn              (no ring)
MPRegen  0.09/turn              (no ring)

@: no status effects
A: no striking features
a: Berserk, Renounce Religion


You were on level 2 of the Dungeon.
You worshipped Trog.
Trog was aware of your devotion.
You were not hungry.

You visited 1 branch of the dungeon, and saw 2 of its levels.

You collected 14 gold pieces.

Inventory:

Hand Weapons
 a - a +0 hand axe (weapon)
Armour
 g - a +0 scale mail (worn)
Jewellery
 i - an uncursed amulet of guardian spirit {unknown}
Scrolls
 b - a scroll of enchant armour {unknown}
 d - a scroll of identify {unknown}
 e - a scroll of remove curse {unknown}
 j - a scroll of blinking {unknown}
Potions
 h - a potion of degeneration {unknown}
 k - a potion of agility {unknown}
Comestibles
 c - 2 rations
 f - 4 chunks of flesh


   Skills:
 + Level 3.4 Fighting
 * Level 3.7 Axes
 + Level 2.5 Armour
 + Level 2.5 Dodging


You had 3 spell levels left.
You didn't know any spells.

Dungeon Overview and Level Annotations

Branches:
Dungeon (2/15)

Altars:

Annotations:
D:2 Sigmund


Message History

You kill the kobold!
Trog accepts your kill. Sigmund barely misses you.
Found a stone staircase leading down.
Your scale mail prevents you from hitting Sigmund.
Sigmund hits you with a scythe!
You slash Sigmund!
Sigmund is moderately wounded.
Sigmund hits you with a scythe.
You hit Sigmund but do no damage.
Sigmund is moderately wounded.
You hit Sigmund.
Sigmund is moderately wounded.
Sigmund hits you with a scythe!
* * * LOW HITPOINT WARNING * * *
You hit Sigmund.
Sigmund is moderately wounded.
Sigmund casts a spell at you. The puff of flame hits you!
You die...

#.# ####.# ##...>.##
##....# ##.......##
###.....####.........#
...........+.........+
###.....####.........#
##.....## #.!.....#
##.#####.## #..@..#
#.## ##.# #)@.# ##.##
##.## ##'## ##.###.##
#.# ####.#.### #.#
#...[....# ##.##
#.###.##.## ##...## #.#
#.#.#.## #.....# #.#
#..###.# ##.).##
#.#####.#.######.#####.


You could see Sigmund.

Vanquished Creatures
  3 adders (D:2)
  A worm (D:2)
  A leopard gecko (D:1)
  A ball python (D:2)
  2 hobgoblins
  6 bats
  2 frilled lizards (D:2)
  2 goblins (D:2)
  3 kobolds
  4 rats (D:1)
25 creatures vanquished.

Notes
Turn   | Place    | Note
-------+----------+-------------------------------------------
     0 | D:1      | RoseArtemis the Human Berserker began the quest for the Orb.
     0 | D:1      | Reached XP level 1. HP: 18/18 MP: 1/1
   181 | D:1      | Reached XP level 2. HP: 13/24 MP: 2/2
   835 | D:2      | Reached XP level 3. HP: 29/29 MP: 3/3
  1220 | D:2      | Reached XP level 4. HP: 35/35 MP: 4/4
  1325 | D:2      | Noticed Sigmund
  1335 | D:2      | Killed from afar by Sigmund

Vault maps used:
D:1:      onia_arrival_mini_maze_b
D:2:      uniq_sigmund, uniq_jessica, uniq_terence

Action                   |  1- 3 |  4- 6 || total
-------------------------+-------+-------++-------
Melee: Hand axe          |    64 |    19 ||    83
Invok: Berserk           |     4 |       ||     4
  Eat: Chunk             |     2 |       ||     2
       Ration            |       |     1 ||     1
Armor: Animal skin       |    14 |       ||    14
       Scale mail        |    14 |     4 ||    18
       Leather armour    |     1 |       ||     1
Dodge: Dodged            |    55 |     9 ||    64

Table legend:
 A = Spawn XP
 B = Non-spawn XP
 C = Spawn XP percentage of total XP
 D = Spawn monster count
 E = Non-spawn monster count
 F = Spawn count percentage of total count
 G = Total turns spent on level
                    A         B        C        D         E        F      G
               +---------+---------+-------+---------+---------+-------+---------
         Total |       0 |      77 |   0.0 |       0 |      25 |   0.0 |  1335
               +---------+---------+-------+---------+---------+-------+---------
           D:1 |       0 |      18 |   0.0 |       0 |      12 |   0.0 |   789
           D:2 |       0 |      59 |   0.0 |       0 |      13 |   0.0 |   546
               +---------+---------+-------+---------+---------+-------+---------
